lixian, chaotic female human Rogue ----- ---...| |.....----- ----- |......... ... |.......--- -.-- |.........-- --..-- |..%.......---....-- |...---.--)........-- -...| ------........-- --- ....| |.........---*| -.--- --.....)......| -- --.......)a..-|[ --.....).(<@...))# |..........--.#-[ -.......------- -.....|.-- |....----- --.-- -- lixian the Rogue Experience level: 6 Strength: 9 Dexterity: 18 Constitution: 15 Intelligence: 10 Wisdom: 12 Charisma: 11 Health: 0(43) Energy: 24(24) Def: 10 Gold: 66 Moves: 3433 Dungeon seed: 0fin8AsaMP6LfB1f Game ID: lixian_1534445197 Your Inventory: Coins $ - 66 gold pieces Weapons a - an uncursed +0 dagger named Sharptooth (weapon in hand) b - 8 uncursed +0 daggers (in quiver) C - 10 uncursed +0 daggers I - 2 cursed -1 daggers J - an uncursed +0 orcish dagger S - an uncursed +0 elven dagger Armor n - an uncursed +0 orcish helm (being worn) r - a blessed +1 dwarvish mithril-coat (being worn) y - an uncursed +0 dwarvish cloak (being worn) z - an uncursed +0 dwarvish iron helm N - an uncursed +0 pair of iron shoes (being worn) Y - an uncursed +0 dwarvish cloak Comestibles A - an uncursed lichen corpse T - an uncursed tin of spinach X - an uncursed lizard corpse Potions c - a blessed potion of object detection Wands D - an uncursed wand of digging (0:5) Tools d - a cursed tallow candle (0:200) k - an uncursed skeleton key B - an uncursed sack G - 2 blessed tallow candles (0:200) K - an uncursed leather drum W - 2 blessed wax candles (0:400) Gems e - an uncursed worthless piece of orange glass q - 2 uncursed worthless pieces of yellow glass O - 3 uncursed worthless pieces of yellowish brown glass V - an uncursed worthless piece of black glass Contents of the sack: 492 gold pieces a cursed scroll of create monster a blessed scroll of light an uncursed scroll of light an uncursed scroll of magic mapping an uncursed ring of warning Spells and supernatural/magical abilities: Name Level Category Fail Memory W - pray for help -- divine ? -- Your skills at the end: Fighting Skills Weapon Skills dagger [Expert] short sword [Basic] Spellcasting Skills Final Attributes: You were piously aligned. You were stealthy. You are dead. Vanquished creatures: a giant beetle a giant spider a gnome king a lizard a dwarf lord a bugbear a mountain nymph a rock piercer a shrieker 7 gnome lords a gray ooze a giant ant 7 dwarves a kobold lord a monkey a werejackal a hobbit 2 manes 2 hobgoblins 4 giant rats 2 cave spiders 22 gnomes 2 gnome zombies 5 jackals 2 foxes 3 kobolds a goblin 3 sewer rats 4 grid bugs 2 bats 3 lichens 2 kobold zombies 9 newts 97 creatures vanquished. Voluntary challenges: You had been an atheist until turn 1960. You used a wielded weapon 118 times, starting on turn 32. You read items or engraved 110 times, starting on turn 1490. You never genocided any monsters. You never polymorphed an object. You never changed form. You used no wishes. You never split a pudding. You wrote Elbereth's name 95 times, starting on turn 1491. You never violated your personal moral code. Dungeon overview: The Dungeons of Doom: levels 1 to 5 Level 1 some fountains a long staircase Level 2 (stash) a fountain Level 3 (purple worm!) a general store, a fountain Level 4 a fountain, a sink stairs to The Gnomish Mines Level 5 an altar to Kos The Gnomish Mines: levels 5 to 7 Level 5 stairs to The Dungeons of Doom Level 6 Level 7 <- You were here History has recorded: On T:1 you entered the Dungeons of Doom to retrieve the Amulet of Yendor! On T:40 you reached level 2 of The Dungeons of Doom. On T:524 you reached level 3 of The Dungeons of Doom. On T:583 you advanced to experience level 2. On T:1169 you reached level 4 of The Dungeons of Doom. On T:1214 you advanced to experience level 3. On T:1950 you reached level 5 of The Dungeons of Doom. On T:1954 you advanced to experience level 4. On T:2011 you reached level 1 of The Gnomish Mines. On T:2179 you advanced to experience level 5. On T:2409 you reached level 2 of The Gnomish Mines. On T:2699 you advanced to experience level 6. On T:2884 you reached level 3 of The Gnomish Mines. Score breakdown: Gold: 558 ( 9345 points) Experience: 6 levels (12456 points) Exploration: 7 levels ( 14.89%) (10834 points) Discoveries: 3 items ( 1.01%) ( 3010 points) Valuables value: (no points given unless you survive) Artifact value: 0 ( 0 points) Variety of kills: 33 monsters ( 8.66%) ( 8829 points) Turncount: 3433 turns ( -799 points) Survival: died (score multiplied by 80%) Total score: 34940 Latest messages: Blecch! Rotten food! You don't feel so weak now. You finish eating the food ration. Trouble drops a crossbow. You add to the writing in the dust with your fingers. You hear some noises. You add to the writing in the dust with your fingers. (3x) Trouble picks up a crossbow. You hear a mumbled curse. You add to the writing in the dust with your fingers. Something is written here in the dust. You read: "E bcretn| be etn ?b ?e hEl|ercthL|bc? tnE|??r ?h_lbe7et?". There are a few objects here. Trouble eats a dwarf corpse. Trouble drops a crossbow. You hear some noises in the distance. You write in the dust with your fingers. The soldier ant bites! The soldier ant stings! The soldier ant bites! You die... Final status: Goodbye lixian the Rogue, killed by a soldier ant... You died in The Gnomish Mines on dungeon level 7 with 34940 points, and 558 pieces of gold, after 3433 moves. You were level 6 with a maximum of 43 hit points when you died.